 Dungeon Crawl Stone Soup version 0.18-a0-1784-ga939a68 (webtiles) character file.

112 Jeelzebub the Skirmisher (level 4, -3/34 HPs)
             Began as an Octopode Wanderer on Apr 19, 2016.
             Slain by Sigmund
             ... wielding a cursed -2 scythe
              (9 damage)
             ... on level 2 of the Dungeon.
             The game lasted 00:04:11 (1833 turns).

Jeelzebub the Skirmisher (Octopode Wanderer)        Turns: 1833, Time: 00:04:12

Health: -3/34      AC:  1    Str: 10    XL:     4   Next: 95%
Magic:  4/4        EV: 11    Int: 15    God:
Gold:   116        SH:  0    Dex: 12    Spells: 0 memorised, 3 levels left

rFire  . . .     SeeInvis .     (no weapon)
rCold  . . .     Gourm    .     (no shield)
rNeg   . . .     Faith    .     (helmet restricted)
rPois  .         Spirit   .     (no amulet)
rElec  .         Dismiss  .     (no ring)
rCorr  .         Reflect  .     (no ring)
SustAt .         Harm     .     (no ring)
MR     .....                    (no ring)
Stlth  ++........               (no ring)
                                (no ring)
                                (no ring)
                                (no ring)

@: not resistant to hostile enchantments, unstealthy
A: almost no armour, amphibious, 8 rings, constrict 8, camouflage 1, gelatinous
body 1
a: no special abilities


You were on level 2 of the Dungeon.
You were not hungry.

You visited 1 branch of the dungeon, and saw 2 of its levels.

You collected 116 gold pieces.

Inventory:

Hand Weapons
 b - a +0 shortbow
Missiles
 a - a throwing net (quivered)
 d - 45 arrows
Scrolls
 c - 2 scrolls of teleportation
 g - a scroll of fear {unknown}
 h - 2 scrolls of identify {unknown}
 i - a scroll of remove curse {unknown}
 j - a scroll of fog {unknown}
 n - a scroll of amnesia {unknown}
 s - a scroll of blinking {unknown}
Potions
 e - a potion of flight
 k - a potion of mutation {unknown}
 l - a potion of heal wounds {unknown}
 o - a potion of might {unknown}
 q - a potion of invisibility {unknown}
Comestibles
 f - a bread ration
 m - a slice of pizza
 p - a meat ration
 r - a chunk of flesh


   Skills:
 + Level 4.6 Fighting
   Level 2.0 Short Blades
 - Level 3.3 Bows
 - Level 1.0 Throwing
 - Level 1.0 Dodging
   Level 1.0 Shields


You had 3 spell levels left.
You didn't know any spells.

Dungeon Overview and Level Annotations

Branches:
Dungeon (2/15)

Altars:

Annotations:
D:2 Sigmund


Innate Abilities, Weirdness & Mutations

You cannot wear most types of armour.
You are amphibious.
You can wear up to eight rings at the same time.
You can use your tentacles to constrict eight enemies at once.
Your skin changes colour to match your surroundings (Stealth).
Your rubbery body absorbs attacks (AC +1).


Message History

Throwing (i - inventory):
a - 2 throwing nets (quivered)
Press: ? - help, Shift-Dir - straight line You throw a throwing net.
You constrict something.
Something wriggles in the net.
You tentacle-slap something but do no damage.
You constrict something. The dart slug barely misses you.
Something wriggles in the net.
All of a sudden the net rips apart!
You tentacle-slap something. You squeeze something. You constrict something.
You hear some strange, mumbled words.
A puff of flame appears from out of thin air!
The puff of flame hits you! The dart slug closely misses you.
You completely miss something. You constrict something. Something hits you.
The dart slug launches a dart at you. The slug dart hits you!
* * * LOW HITPOINT WARNING * * *
Drink which item? (? for menu, Esc to quit)
Okay, then.
You release your grip on something.
Something hits you!
You die...

# #............# #.....†#
# .##...# #.....###.....†.
#.......# #........).#....
#..##...###.....###......#
#........†......# ###....#
#>.....(...###### #.####
#..........# #.#
.##...w######### #.#
#.....w..@......# #.#
####....###..##.### .#
##.#..# #........
#.....###<.##.#
#((((..@...##.#
#.(..###......# ####.
###.#### #. .# ##


You could see a worm and a dart slug.

Vanquished Creatures
  Robin (D:2)
  3 adders (D:2)
  2 oozes
  3 dart slugs (D:1)
  2 giant geckos
  2 giant cockroaches (D:1)
  13 goblins
  7 hobgoblins
  4 jackals (D:1)
  5 bats
  4 giant newts (D:1)
  4 kobolds
  5 rats
55 creatures vanquished.

Notes
Turn   | Place    | Note
--------------------------------------------------------------
     0 | D:1      | Jeelzebub the Octopode Wanderer began the quest for the Orb.
     0 | D:1      | Jeelzebub set off with: 3 throwing nets, a scroll of teleportation, a +0 shortbow, 23 arrows, a bread ration
     0 | D:1      | Reached XP level 1. HP: 14/14 MP: 1/1
   252 | D:1      | Reached XP level 2. HP: 8/20 MP: 2/2
   545 | D:1      | Reached skill level 3 in Fighting
   618 | D:1      | Reached XP level 3. HP: 26/26 MP: 3/3
  1015 | D:2      | Noticed Sigmund
  1154 | D:2      | Noticed Robin
  1155 | D:2      | Reached XP level 4. HP: 29/33 MP: 4/4
  1192 | D:1      | Reached skill level 4 in Fighting
  1352 | D:2      | Killed Robin
  1833 | D:2      | Slain by Sigmund

Vault maps used:
D:1:      sevenhm_arrival_forest_fort_small_1
D:2:      trog_butcher_becter, uniq_crazy_yiuf_cottage, uniq_robin, uniq_sigmund

Skill      XL: |  1  2  3  4 |
---------------+-------------+-----
Fighting       | 3 4 |  4.6
Short Blades   | |  2.0
Bows           | |  3.3
Throwing       | |  1.0
Dodging        | |  1.0
Shields        | |  1.0

Action                   |  1- 3 |  4- 6 || total
-------------------------+-------+-------++-------
Melee: Unarmed           |    17 |    51 ||    68
       Tentacles         |     5 |    11 ||    16
       Constrict         |     3 |    10 ||    13
 Fire: Shortbow          |    86 |    24 ||   110
Throw: Throwing net      |     1 |     3 ||     4
  Use: Potion            |     2 |       ||     2
 Stab: Held in net/web   |       |     1 ||     1
  Eat: Chunk             |     1 |     2 ||     3
Armor: Skin              |     3 |     4 ||     7
Dodge: Dodged            |    15 |    35 ||    50
